 Dungeon Crawl Stone Soup version 0.27.1-4-g1640c2035a (webtiles) character file.

Game seed: 10199172008627490515

384 FreshCat the Cudgeller (level 6, -5/43 HPs)
             Began as a Demonspawn Chaos Knight on Oct 31, 2021.
             Was a Plaything of Xom.
             Killed from afar by an electric eel (7 damage)
             ... with a bolt of electricity
             ... on level 7 of the Dungeon on Nov 1, 2021.
             The game lasted 00:24:08 (4137 turns).

FreshCat the Cudgeller (Demonspawn Chaos Knight)    Turns: 4137, Time: 00:24:08

Health: -5/43      AC:  9    Str: 13    XL:     6   Next: 47%
Magic:  6/6        EV: 12    Int: 13    God:    Xom [....*.]
Gold:   160        SH:  0    Dex: 14    Spells: 5/5 levels left

rFire    x . .     SeeInvis .   a - +1 mace (chaos)
rCold    + . .     Faith    +   (no shield)
rNeg     . . .     Spirit   .   b - +2 leather armour
rPois    .         Reflect  .   p - +0 helmet
rElec    .         Harm     .   (no cloak)
rCorr    .         Rampage  .   (no gloves)
Will     .....                  (no boots)
Stlth    +.........             f - amulet of faith
HPRegen  0.14/turn              g - ring of ice
MPRegen  0.10/turn              (no ring)

@: brilliant
A: yellow scales 2, demonic guardian 1, ignite blood 1, frail 1, subdued magic 1
a: Renounce Religion


You were on level 7 of the Dungeon.
You worshipped Xom.
You were a beloved toy of Xom.
You visited 1 branch of the dungeon, and saw 7 of its levels.

You collected 160 gold pieces.

Inventory:

Hand Weapons
 a - a +1 mace of chaos (weapon)
Missiles
 c - 73 stones
 i - 19 poisoned darts (quivered)
 k - 2 atropa-tipped darts
Armour
 b - a +2 leather armour (worn)
 p - a +0 helmet (worn)
Jewellery
 f - an amulet of faith (around neck)
 g - a ring of ice (left hand)
Wands
 m - a wand of charming (1)
Scrolls
 n - a scroll of blinking
 o - 2 scrolls of amnesia
Potions
 d - a potion of brilliance


   Skills:
 + Level 4.3 Fighting
 + Level 4.7 Maces & Flails
 + Level 0.8 Throwing
 + Level 3.1 Armour
 + Level 2.2 Dodging
 + Level 0.2 Evocations


You had 5 spell levels left.
You didn't know any spells.
Your spell library was empty.

Dungeon Overview and Level Annotations

Branches:
Dungeon (7/15)
 Temple: D:4-7

Altars:
Kikubaaqudgha

Annotations:
D:2 exclusion: downstairs
D:3 exclusion: sensed monster (detected), Grinder, Sigmund
D:4 Dowan
D:7 Harold


Innate Abilities, Weirdness & Mutations

You are mostly covered in yellow scales. (AC +3)
A weak demonic guardian rushes to your aid.
Your demonic aura sometimes causes spilled blood to erupt in flames.
You are frail. (-10% HP)
Your spells are a little easier to cast, but a little less powerful.


Message History

A demonic guardian appears!
You hear a shout!
You start resting.
Harold is nearby!
Blink to where?
Press: ? - help, Dir - move target, f - you, p - Harold
Okay, then.
Okay, then.
Harold barely misses your white imp.
Your white imp gestures at Harold.
The puff of frost hits Harold but does no damage.
Harold hits your white imp with a +0 trident!
Your white imp hits Harold but does no damage.
Harold hits your white imp with a +0 trident!
Your white imp dies!
Harold shouts!
Aiming: Charm
Press: ? - help, Shift-Dir - straight line, f/p - Harold
Aim: Harold, wielding a +0 trident, wearing a +0 chain mail and quivering a throwing net (severely wounded, chance to affect: 15%) Harold is charmed.
You swap places.
The electric eel shoots out a bolt of lightning at you!
The bolt of electricity misses you. The bolt of electricity hits you!
* * * LOW HITPOINT WARNING * * *
A demonic guardian appears!
What are your orders? t - Shout!
Orders for allies: a - Attack new target. p - Attack previous target. r - Retreat! s - Stop attacking. g - Guard the area. f - Follow me.
Anything else - Cancel.
Gang up on whom?
Press: ? - help, Dir - move target, f - electric eel, p - Harold
Aim: an electric eel (ally target) Attack!
Harold throws a throwing net.
The throwing net hits the electric eel.
The electric eel is caught in the net!
You hear a splash.
The electric eel shoots out a bolt of lightning at you!
The bolt of electricity hits you!
You die...

##....(.#.......##.## **,,,,,*
#..............(.#..###***,,,,,,*
###....##...........#.#,**,,,<,,,
#...................#..,,,,,,,,
###[...#..#.............,,,,,*,,
##...####..#.....(.......,,,,,*,,
..##.#* #..#....5........,,,,,,,,
......###.....##.........,,,,,,,*
...#.........##.@#######.,,,,,,**
...##......#....@#<,,,,***,,**,,,
......#....#...#.###,,,,,****,,,,
......#...#P;.♣.#..###,,,,,*,,,,,
..#.##....≈≈≈.≈≈##...#**,,,,,,,,*
..#,###..♣≈≈≈.≈≈♣......#**,,,,,**
...,**#..♣≈≈≈.≈≈≈♣######*,,,,,,,,
....,,...♣≈≈P.≈≈≈** **,,,,,*,,,
.....,,,,≈≈≈≈.≈≈≈≈** **,,,,,****,


You could see an electric eel (caught, ally target), the friendly Harold
(charmed) and a friendly shadow imp (summoned).

Vanquished Creatures
  Duvessa (D:4)
  A killer bee (D:4)
  An orc priest (D:5)
  An iguana (D:4)
  3 orc wizards
  3 adders
  A river rat (D:2)
  3 dart slugs
  4 orcs
  A bat (D:1)
  9 endoplasms
  5 giant cockroaches
  6 goblins
  6 hobgoblins
  9 jackals
  9 ball pythons
  8 frilled lizards (D:1)
  9 kobolds
  3 rats
83 creatures vanquished.

Vanquished Creatures (collateral kills)
  An adder (D:5)
  2 orcs (D:5)
3 creatures vanquished.

Vanquished Creatures (others)
  A wyvern (D:7)
  67 plants
68 creatures vanquished.

Grand Total: 154 creatures vanquished

Notes
Turn   | Place    | Note
-------+----------+-------------------------------------------
     0 | D:1      | FreshCat the Demonspawn Chaos Knight began the quest for
                  | the Orb.
     0 | D:1      | Reached XP level 1. HP: 18/18 MP: 1/1
   478 | D:1      | Gained mutation: Your demonic aura sometimes causes spilled
                  | blood to erupt in flames. [demonic ancestry]
   478 | D:1      | Reached XP level 2. HP: 11/24 MP: 2/2
   770 | D:1      | XOM: cloud trail
   794 | D:1      | XOM: smoke on damage
   809 | D:2      | Reached skill level 1 in Dodging
   809 | D:2      | Gained mutation: A weak demonic guardian rushes to your
                  | aid. [demonic ancestry]
   809 | D:2      | Reached XP level 3. HP: 5/30 MP: 3/3
   841 | D:2      | Found a faded altar of an unknown god.
   841 | D:2      | XOM: 1-stop teleportation journey
   867 | D:2      | XOM: 6-stop teleportation journey
   898 | D:2      | XOM: silly message
   904 | D:2      | XOM: give mutations
   904 | D:2      | Gained mutation: You are frail. (-10% HP) [Xom's mischief]
   904 | D:2      | Gained mutation: Your spells are a little easier to cast,
                  | but a little less powerful. [Xom's mischief]
  1084 | D:2      | Found an ancient bone altar of Kikubaaqudgha.
  1207 | D:2      | XOM: enchant monster (good)
  1359 | D:1      | XOM: 4-stop teleportation journey
  1857 | D:1      | XOM: summons 1 hostile demon
  2051 | D:1      | Gained mutation: You are partially covered in yellow
                  | scales. (AC +2) [demonic ancestry]
  2051 | D:1      | Reached XP level 4. HP: 33/33 MP: 4/4
  2259 | D:1      | XOM: summons 2 hostile shadow creatures
  2641 | D:3      | Noticed Sigmund
  2883 | D:3      | Noticed Grinder
  3156 | D:3      | XOM: noise
  3166 | D:3      | XOM: 1-stop teleportation journey
  3203 | D:2      | XOM: silly message
  3518 | D:3      | XOM: divination: detect creatures
  3561 | D:4      | Gained mutation: You are mostly covered in yellow scales.
                  | (AC +3) [demonic ancestry]
  3561 | D:4      | Reached XP level 5. HP: 28/37 MP: 5/5
  3715 | D:4      | XOM: 4-stop teleportation journey
  3754 | D:5      | Entered Level 5 of the Dungeon
  3760 | D:4      | XOM: confuse monster(s)
  3911 | D:4      | Noticed Duvessa
  3911 | D:4      | XOM: 1-stop teleportation journey
  3917 | D:4      | Noticed Dowan
  3929 | D:4      | XOM: noise
  3937 | D:4      | XOM: noise
  3938 | D:4      | XOM: cast spell 'Cause Fear'
  3940 | D:4      | XOM: potion effect (heal wounds)
  3944 | D:4      | XOM: divination: detect creatures
  3947 | D:4      | Killed Duvessa
  3948 | D:4      | Reached XP level 6. HP: 31/43 MP: 6/6
  4054 | D:5      | XOM: 1-stop teleportation journey
  4074 | D:6      | Noticed a yak
  4076 | D:6      | Noticed a yak
  4076 | D:6      | Noticed a yak
  4076 | D:6      | Noticed a yak
  4090 | D:7      | Noticed a wyvern
  4090 | D:7      | a yak changed into a wyvern
  4090 | D:7      | XOM: polymorph yak -> wyvern
  4114 | D:7      | Noticed Harold
  4136 | D:7      | HP: 2/43 [electric eel/bolt of electricity (8)]
  4137 | D:7      | Killed from afar by an electric eel

Illustrated notes

Levels and vault maps discovered:
D:1:      dpeg_cavernosity, layout_basic, minmay_lizard_king
D:2:      layout_rooms, basic_ecumenical_altar, basic_altar
D:3:      layout_basic, serial_bayou, serial_bayou_lagoon_a,
          serial_bayou_shore_a, serial_bayou_lake_a, serial_bayou_crossing,
          serial_bayou_pond_b, grunt_ministairs_12, due_unseen_surprise,
          uniq_sigmund, uniq_grinder
D:4:      kennysheep_big_flooded_room, layout_rooms, minmay_statues_item,
          grunt_ministairs_9, hex_intersection, uniq_natasha, uniq_duvessa
D:5:      layout_loops_cross, minmay_temple_entry_sparse_star, serial_shops,
          shop_fountains
D:6:      layout_loops_cross, biasface_ghost_orc_armoury, uniq_eustachio
D:7:      layout_cave_pools, xom_teletrap_fun, serial_bayou,
          serial_bayou_lagoon_b, serial_bayou_shore_b, serial_bayou_pond_b,
          serial_bayou_pond_a, minmay_crossroads, uniq_harold

Skill      XL: |  1  2  3  4  5 |
---------------+----------------+-----
Maces & Flails | 3 4 |  4.7
Dodging        | 1 2 |  2.2
Armour         | 2 3 |  3.1
Fighting       | 4 |  4.3
Throwing       | |  0.8
Evocations     | |  0.2

Action                   |  1- 3 |  4- 6 || total
-------------------------+-------+-------++-------
Melee: Mace              |   105 |   127 ||   232
Throw: Stone             |    16 |    12 ||    28
       Dart              |     1 |     3 ||     4
Evoke: Wand              |       |     7 ||     7
  Use: Scroll            |       |    14 ||    14
       Potion            |       |     3 ||     3
 Stab: Fleeing           |       |     1 ||     1
       Sleeping          |       |     1 ||     1
Armor: Leather armour    |    40 |    75 ||   115
       Skin              |       |     6 ||     6
Dodge: Dodged            |    82 |   106 ||   188
